 Dungeon Crawl Stone Soup version 0.20.1-1-g8b1a95d (webtiles) character file.

280 empire the Slasher (level 6, 0/51 HPs)
             Began as a Minotaur Fighter on July 20, 2017.
             Slain by a gnoll
             ... wielding a +0 spear
              (2 damage)
             ... on level 4 of the Dungeon.
             The game lasted 00:05:14 (3201 turns).

empire the Slasher (Minotaur Fighter)               Turns: 3201, Time: 00:05:15

Health: 0/51       AC: 10    Str: 28    XL:     6   Next: 5%
Magic:  5/5        EV:  6    Int:  5    God:
Gold:   172        SH: 10    Dex:  9    Spells: 5/5 levels left

rFire    . . .     SeeInvis .   a - +0 long sword
rCold    + . .     Gourm    .   c - +0 shield
rNeg     . . .     Faith    .   l - +0 chain mail
rPois    .         Spirit   .   (helmet restricted)
rElec    .         Reflect  .   q - +0 cloak
rCorr    .         Harm     .   (no gloves)
MR       .....                  (no boots)
Stlth    ..........             (no amulet)
Regen    0.2/turn               e - ring of protection from cold
MPRegen  0.1/turn               (no ring)

@: mighty, lethally poisoned (0 -> -25)
A: retaliatory headbutt, horns 2
a: no special abilities


You were on level 4 of the Dungeon.
You were not hungry.

You visited 1 branch of the dungeon, and saw 4 of its levels.

You collected 172 gold pieces.

Inventory:

Hand Weapons
 a - a +0 long sword (weapon)
Armour
 c - a +0 shield (worn)
 l - a +0 chain mail (worn)
 q - a +0 cloak (worn)
Jewellery
 e - a ring of protection from cold (left hand)
Scrolls
 b - 3 scrolls of remove curse {unknown}
 g - 3 scrolls of enchant weapon {unknown}
 h - a scroll of teleportation {unknown}
 i - 2 scrolls of identify {unknown}
 j - 2 scrolls of fear {unknown}
 m - a scroll of noise {unknown}
 o - a scroll of amnesia {unknown}
 r - a scroll of magic mapping {unknown}
Potions
 k - a potion of haste
Comestibles
 f - 5 bread rations
 n - 3 royal jellies


   Skills:
 - Level 3.6 Fighting
 - Level 7.0 Long Blades
 + Level 4.7 Armour
 - Level 3.6 Shields


You had 5 spell levels left.
You didn't know any spells.

Dungeon Overview and Level Annotations

Branches:
Dungeon (4/15)
 Temple: D:4-7

Altars:
Dithmenos


Innate Abilities, Weirdness & Mutations

You reflexively headbutt those who attack you in melee.
You have a pair of horns on your head.


Message History

You feel very mighty all of a sudden.
* * * LOW HITPOINT WARNING * * *
You feel sick.
The gnoll sergeant hits you but does no damage.
You are more poisoned.
You block the worker ant's attack.
You slash the worker ant!
You kill the worker ant!
You have reached level 6!
Your experience leads to an increase in your attributes!
Your base attributes are Str 22, Int 5, Dex 9.
Increase (S)trength, (I)ntelligence, or (D)exterity?
You feel stronger.
* * * LOW HITPOINT WARNING * * *
You feel sick. You block the gnoll sergeant's attack.
* * * LOW HITPOINT WARNING * * *
You feel very sick. You block the gnoll sergeant's attack.
The gnoll hits you from afar with a spear.
You die...

## ... ############ ....
#..........# #### >....
#..........#####...
......####
#..................
.......g.#######...#...#...
#.
......##.##gg@............#
#.
...........g###.......(#..#
#.
......#.#.....#..#####....#
#. ...............(.#
#....###.
....#########....##
#.##..... ...
####...####.##.#... !
..........##.##...#.
..........##.##..##.
#.................##.


You could see a gnoll sergeant and 2 gnolls.

Vanquished Creatures
  A hound (D:3)
  An orc wizard (D:4)
  4 worker ants
  3 gnolls (D:3)
  3 adders
  An ooze (D:3)
  A worm (D:2)
  3 dart slugs
  2 leopard geckos
  3 orcs
  3 giant cockroaches
  3 goblins (D:1)
  7 hobgoblins
  6 jackals
  2 kobolds
  2 ball pythons (D:2)
  9 bats
  3 frilled lizards
  2 rats
59 creatures vanquished.

Notes
Turn   | Place    | Note
-------+----------+-------------------------------------------
     0 | D:1      | empire the Minotaur Fighter began the quest for the Orb.
     0 | D:1      | Reached XP level 1. HP: 19/19 MP: 0/0
    99 | D:1      | Reached skill level 3 in Long Blades
   238 | D:1      | Reached XP level 2. HP: 25/26 MP: 1/1
   567 | D:1      | Reached skill level 4 in Long Blades
   910 | D:2      | Reached XP level 3. HP: 31/31 MP: 2/2
  1071 | D:2      | Found a shadowy altar of Dithmenos.
  1450 | D:2      | Reached skill level 5 in Long Blades
  1743 | D:3      | Reached XP level 4. HP: 33/39 MP: 3/3
  2152 | D:3      | Reached skill level 6 in Long Blades
  2160 | D:3      | Reached XP level 5. HP: 7/45 MP: 4/4
  2654 | D:3      | Reached skill level 7 in Long Blades
  3200 | D:4      | Reached XP level 6. HP: 6/51 MP: 5/5
  3201 | D:4      | HP: 2/51 [poisoned by a gnoll sergeant]
  3201 | D:4      | Slain by a gnoll

Skill      XL: |  1  2  3  4  5 |
---------------+----------------+-----
Long Blades    | 3 4 5 6 7 |  7.0
Armour         | 4 |  4.7
Fighting       | |  3.6
Shields        | |  3.6

Action                   |  1- 3 |  4- 6 || total
-------------------------+-------+-------++-------
Melee: Long sword        |    89 |    87 ||   176
       Headbutt          |    10 |    10 ||    20
  Use: Potion            |       |     2 ||     2
  Eat: Chunk             |     3 |     4 ||     7
Armor: Scale mail        |    24 |       ||    24
       Chain mail        |    31 |    63 ||    94
Dodge: Dodged            |    24 |    16 ||    40
Block: Shield            |    59 |    71 ||   130
       Rpst.: Long sword |     8 |     5 ||    13
